 Dungeon Crawl Stone Soup version 0.30-a0-743-gbfdf073431 (webtiles) character file.

Game seed: 11950684081989215185

117500 DEFE the Myrmidon (level 16, 0/136 HPs)
             Began as a Demonspawn Wanderer on Feb 7, 2023.
             Was an Elder of Okawaru.
             Killed by an exploding bloated husk (11 damage)
             ... set off by themself
             ... on level 1 of the Swamp.
             The game lasted 00:34:23 (26404 turns).

DEFE the Myrmidon (Demonspawn Wanderer)            Turns: 26404, Time: 00:34:24

Health: 0/136      AC: 44    Str: 21    XL:     16   Next: 23%
Magic:  0/39       EV: 13    Int: 23    God:    Okawaru [****..]
Gold:   1727       SH:  0    Dex: 10    Spells: 19/19 levels left

rFire   + . .      SeeInvis .    M - +8 hand axe "Orb Guardian's Peril" {heavy, +Blink rN+ MP+9 Str+3}
rCold   + . .      Faith    .    (no shield)
rNeg    + . .      Spirit   +    m - +8 orange crystal plate armour {Archmagi, Int+3 Clar}
rPois   +          Reflect  .    (helmet restricted)
rElec   .          Harm     .    k - +1 cloak {Stlth+}
rCorr   .          Rampage  .    W - +0 pair of gloves of Lifelessness {Int+3}
Will    +....      Archmagi +    s - +0 pair of boots Stlth Clarity +
                                 a - amulet of regeneration
HPRegen 5.22/turn                q - +5 ring of evasion
MPRegen 0.52/turn                j - ring of poison resistance

@: heroic, finesse-ful, marked
A: antennae 2, powered by death 2, magic shield, magic regeneration, magic link,
weakness stinger 1, demonic touch 1, iridescent scales 2, cold resistance 1,
fire resistance 1, high MP 1, weak 1
a: Renounce Religion, Evoke Blink, Heroism, Finesse


You were on level 1 of the Swamp.
You worshipped Okawaru.
Okawaru was greatly pleased with you.
You visited 5 branches of the dungeon, and saw 24 of its levels.
You also visited: Bailey, Gauntlet and Ice Cave.

You collected 2815 gold pieces.
You spent 1088 gold pieces at shops.

Inventory:

Hand Weapons
 M - the +8 hand axe "Orb Guardian's Peril" (weapon) {heavy, +Blink rN+ MP+9 Str+3}
   (You found it on level 9 of the Dungeon)

   Str:       It affects your strength (+3).
   rN:        It protects you from negative energy.
   MP:        It affects your magic capacity (+9).
   +Blink:    It lets you blink.
 Y - a +1 war axe of flaming
Missiles
 A - 19 curare-tipped darts (quivered)
 H - a throwing net
Armour
 k - a +1 cloak of stealth (worn)
 m - the +8 orange crystal plate armour (worn) {Archmagi, Int+3 Clar}
   (You took it off a minotaur in a Gauntlet)

   Int:       It affects your intelligence (+3).
   Clar:      It protects you against confusion.
 s - a +0 pair of boots (worn)
 J - +2 pearl dragon scales
 W - the +0 pair of gloves of Lifelessness (worn) {Int+3}
   (You found it in a Gauntlet)

   Int:       It affects your intelligence (+3).
Jewellery
 a - an amulet of regeneration (around neck)
 b - a +6 ring of strength
 f - a +4 ring of protection
 g - a ring of wizardry
 j - a ring of poison resistance (right hand)
 q - a +5 ring of evasion (left hand)
 w - a +5 ring of evasion
 x - the ring of Viheuqey {Will+ AC+4 Int+2}
   (You found it on level 15 of the Dungeon)

   [ring of protection]

   AC:        It affects your AC (+4).
   Int:       It affects your intelligence (+2).
   Will:      It increases your willpower.
 E - the ring "Mimnoherch" {rElec rC+ Dex+5}
   (You bought it in a shop on level 2 of the Orcish Mines)

   [ring of protection from cold]

   Dex:       It affects your dexterity (+5).
   rC:        It protects you from cold.
   rElec:     It insulates you from electricity.
 L - a ring of willpower
 V - the ring "Juecoin" {rF+ Int+8 Dex-4}
   (You found it in a Gauntlet)

   [ring of protection from fire]

   Int:       It affects your intelligence (+8).
   Dex:       It affects your dexterity (-4).
   rF:        It protects you from fire.
 X - a +6 ring of strength
Wands
 F - a wand of roots (15)
 I - a wand of digging (5)
 O - a wand of acid (6)
Scrolls
 e - 5 scrolls of poison
 h - 3 scrolls of butterflies
 i - 8 scrolls of vulnerability
 o - 2 scrolls of enchant armour
 p - 6 scrolls of fog
 r - a scroll of brand weapon
 v - 2 scrolls of identify
 y - 11 scrolls of teleportation
 C - 3 scrolls of magic mapping
 K - 5 scrolls of enchant weapon
 P - a scroll of silence
 S - 6 scrolls of amnesia
 T - 3 scrolls of immolation
 U - 3 scrolls of fear
Potions
 c - 5 potions of lignification
 d - 5 potions of attraction
 l - a potion of invisibility
 n - 3 potions of cancellation
 t - 2 potions of haste
 u - 5 potions of flight
 z - 3 potions of might
 B - a potion of curing
 D - 6 potions of heal wounds
 G - a potion of berserk rage
 N - 4 potions of magic
 Q - 4 potions of brilliance
 R - a potion of mutation
 Z - 8 potions of ambrosia


   Skills:
 - Level 15.0(20.0) Fighting
 - Level 9.9(14.9) Axes
 + Level 13.6(18.6) Armour
 + Level 8.4(13.4) Dodging
 - Level 1.0(6.0) Stealth
 + Level 2.6(7.6) Unarmed Combat
 - Level 2.0 Spellcasting
 - Level 1.0 Summonings
 - Level 3.2 Necromancy
 - Level 15.2 Invocations
 - Level 11.0 Evocations


You had 19 spell levels left.
You didn't know any spells.
Your spell library contained the following spells:

 Spells                   Type           Power      Damage    Failure   Level
 Necrotise                Necr           100%       1d9       67%         1
 Sublimation of Blood     Necr           26%        N/A       82%         2
 Kiss of Death            Conj/Necr      56%        2d9       88%         1
 Vampiric Draining        Necr           26%        2d7       96%         3
 Apportation              Tloc           6%         N/A       98%         1
 Beastly Appendage        Tmut           6%         N/A       98%         1
 Freeze                   Ice            12%        1d3       98%         1
 Magic Dart               Conj           12%        1d3       98%         1
 Shock                    Conj/Air       12%        1d3       98%         1
 Sting                    Tmut/Pois      12%        1d3       98%         1
 Searing Ray              Conj           6%         2d4       99%         2
 Static Discharge         Conj/Air       6%         2-3/arc   99%         2
 Wereblood                Tmut           3%         N/A       99%         2
 Frozen Ramparts          Ice            6%         1d1       100%        3
 Hailstorm                Conj/Ice       3%         3d3       100%        3
 Ignite Poison            Fire/Tmut/Pois 3%         N/A       100%        3
 Mephitic Cloud           Conj/Pois/Air  3%         N/A       100%        3
 Ozocubu's Armour         Ice            3%         N/A       100%        3
 Spider Form              Tmut/Pois      3%         N/A       100%        3
 Swiftness                Air            3%         N/A       100%        3
 Airstrike                Air            1%         2d(1-17)  100%        4
 Fulminant Prism          Conj/Hex       1%         3d5       100%        4
 Ice Form                 Ice/Tmut       3%         N/A       100%        4
 Manifold Assault         Tloc           3%         N/A       100%        4
 Sticky Flame             Conj/Fire      3%         2d3       100%        4
 Alistair's Intoxication  Tmut/Pois      2%         N/A       100%        5
 Arcjolt                  Conj/Air       1%         1d11      100%        5
 Lightning Bolt           Conj/Air       1%         1d12      100%        5
 Dispersal                Tloc           1%         N/A       100%        6
 Ozocubu's Refrigeration  Ice            1%         4d7       100%        7
 Storm Form               Tmut/Air       1%         N/A       100%        7
 Disjunction              Tloc           1%         N/A       100%        8
 Ignition                 Fire           1%         3d3       100%        8
 Maxwell's Capacitive Co  Air            1%         ∞         100%        8
 Summon Small Mammal      Summ           Unusable   N/A       N/A         1
 Call Imp                 Summ           Unusable   N/A       N/A         2
 Call Canine Familiar     Summ           Unusable   N/A       N/A         3
 Summon Guardian Golem    Hex/Summ       Unusable   N/A       N/A         3
 Summon Lightning Spire   Summ/Air       Unusable   N/A       N/A         4

Dungeon Overview and Level Annotations

Branches:
Dungeon (15/15)            Temple (1/1) D:6            Lair (5/5) D:11
  Swamp (1/4) Lair:2        Snake (0/4) Lair:3        Slime (0/5) Lair:4
    Orc (2/2) D:12            Elf (0/3) Orc:2        Vaults (0/5) D:13
 Depths (0/4) D:15         Bailey (visited)           IceCv (visited)
Gauntlet (visited)

Altars:
Ashenzari
Cheibriados
Dithmenos
Fedhas
Gozag
Hepliaklqana
Kikubaaqudgha
Makhleb
Nemelex Xobeh
Okawaru
Qazlal
Ru
Sif Muna
Trog
Uskayaw
Vehumet
Wu Jian
Xom
Yredelemnul

Shops:
D:12 *   Orc:2 *=[(

Portals:
Hell: Lair:5

Annotations:
D:2 1 runed translucent door, Crazy Yiuf
D:7 2 transporters, Rustlers's ghost, novice DECj
D:10 3 runed translucent doors, exclusion: obsidian statue, WienerDreamer's ghost, journeyman GrEE
D:14 3 runed translucent doors, dricus's ghost, adept MiBe
Lair:5 exclusion: 2 oklob plants


Innate Abilities, Weirdness & Mutations

You have a pair of antennae on your head.
You regenerate health from kills.
When hurt, damage is shared between your health and your magic reserves.
You regenerate magic rapidly.
When low on magic, you restore magic in place of health.
You have a small tail.
Your touch may inflict minor irresistible damage on your foes.
You are mostly covered in iridescent scales. (AC +4)
Your flesh is cold resistant. (rC+)
Your flesh is heat resistant. (rF+)
You have an increased reservoir of magic. (+10% MP)
You are weak. (Str -2)


Message History

You hit the alligator. Your touch misses the alligator.
You punch the alligator! You slice the tyrant leech!!
A swamp drake comes into view.
You regained 2 mp, and now have 19/39 mp.
Unknown command.
Unknown command.
You hit the alligator.
You touch the alligator!
You kill the alligator!
Okawaru accepts your kill.
You slice the tyrant leech!! You closely miss the tyrant leech.
The tyrant leech bites you!!
* * * LOW HITPOINT WARNING * * *
The tyrant leech draws strength from your injuries!
The tyrant leech bites you!
* * * LOW HITPOINT WARNING * * *
The tyrant leech draws strength from your injuries!
You take 19 damage, and have 10/136 hp.
You now have 6/39 mp.
Unknown command.
Unknown command.
Unknown command.
You closely miss the tyrant leech. You slash the tyrant leech!
The spriggan rider hits you but does no damage.
You regained 2 mp, and now have 8/39 mp.
Unknown command.
Unknown command.
You hit the bloated husk but do no damage.
You hit the tyrant leech. You barely miss the tyrant leech.
Unknown command.
Unknown command.
Unknown command.
You slice the bloated husk!!
You touch the bloated husk.
Okawaru accepts your kill.
You hit the tyrant leech but do no damage.
You completely miss the alligator. You miss the tyrant leech.
The bloated husk explodes!
The blast of putrescent gases engulfs the spriggan rider!!
The blast of putrescent gases engulfs the tyrant leech!!
The tyrant leech dies!
The blast of putrescent gases engulfs you!!
You die...

♣.♣..~..♣
♣.♣.~~.>
♣♣.♣~~~k♣
♣♣?.~~.~~♣♣
♣♣~~.~~...<♣
♣.~~.~~~§~)♣
~.~~.~~)~†~♣
~..~§§~†[t.♣♣
~♣.~~~i~@w..♣
♣.~~~~/.~§~~♣
~~.~..~....~.♣
.~.~~~..♣♣.~~♣
~~.~~.♣♣♣
♣.♣≈≈ $.~~.♣
♣≈≈≈≈ .~.~~
♣≈≈≈ ~~. ♣≈


You could see an alligator (strong), a tyrant leech (strong), a spriggan rider
and a swamp drake.

Vanquished Creatures
  A golden dragon (shapeshifter) (D:15)
  Frances (D:11)
  2 orc warlords (Orc:2)
  2 very ugly things (D:15)
  Nessos (Orc:2)
  An eleionoma (Swamp:1)
  A bunyip (Swamp:1)
  A minotaur (Gauntlet)
  Snorg (D:12)
  A rakshasa (D:15)
  8 vault guards (D:13)
  6 hydras
  5 centaur warriors
  2 ogre magi (D:15)
  Erolcha (D:12)
  A hell beast (Lair:5)
  2 catoblepae
  3 alligators (Swamp:1)
  12 two-headed ogres
  4 death yaks
  2 boulder beetles
  5 tengu warriors
  3 orc high priests (Orc:2)
  Nergalle (Orc:1)
  3 glowing orange brains
  A bog body (Lair:2)
  18 slime creatures
  A wizard (Lair:5)
  A steelbarb worm (shapeshifter) (D:12)
  A swamp dragon (Swamp:1)
  Pikel (D:6)
  5 orc knights
  A lindwurm (Lair:3)
  2 deep elf pyromancers (D:12)
  3 orc sorcerers
  16 ugly things
  A salamander (shapeshifter) (D:14)
  4 cyclopes
  2 manticores
  2 ice statues (IceCv)
  Maurice (D:12)
  11 elephants
  3 black mambas
  Maggie (D:6)
  13 cane toads
  2 orange demons (Lair:5)
  2 ice devils (Lair:5)
  3 unseen horrors (D:12)
  2 kobold demonologists (D:11)
  5 rime drakes
  An efreet (D:15)
  A yaktaur (shapeshifter) (D:14)
  2 tengu conjurers
  A komodo dragon (shapeshifter) (D:15)
  13 komodo dragons
  3 meliai (Lair:3)
  2 queen bees
  A bloated husk (Swamp:1)
  9 trolls
  2 red devils (Lair:5)
  A tyrant leech (Swamp:1)
  A hellwing (Lair:5)
  A polar bear (Lair:5)
  A raiju (Gauntlet)
  Grinder (D:6)
  5 blink frogs (Lair:3)
  6 dream sheep (Lair:3)
  Sigmund (D:5)
  2 centaur simulacra (Gauntlet)
  A dire elephant simulacrum (IceCv)
  2 vampires
  7 wyverns
  41 yaks
  7 basilisks
  15 vampire mosquitoes
  A steam dragon (Gauntlet)
  Eustachio (D:5)
  2 death yak simulacra (IceCv)
  3 nagas (Lair:3)
  7 wargs
  19 water moccasins
  2 acid dragons
  3 hell hounds (Lair:5)
  Duvessa (D:6)
  2 ice beasts
  A meliai simulacrum (Gauntlet)
  41 orc warriors
  A sky beast (D:8)
  3 black bears
  A black bear (shapeshifter) (D:12)
  14 wolves
  10 ogres
  12 centaurs
  A lemure (D:6)
  Blork the orc (D:5)
  10 kobold brigands
  A gnoll sergeant (D:4)
  5 necrophages
  8 bullfrogs
  4 scorpions
  A cane toad simulacrum (Gauntlet)
  5 wights (D:6)
  Dowan (D:6)
  67 killer bees
  An elephant simulacrum (IceCv)
  6 howler monkeys
  7 electric eels
  A crimson imp (D:7)
  3 hounds
  A gnoll bouda (D:8)
  A jelly (D:6)
  18 orc priests
  Natasha (thrice) (D:2)
  5 iguanas
  20 orc wizards
  5 hell rats
  3 wolf simulacra
  Robin (D:4)
  9 gnolls
  A river rat (D:6)
  6 adders
  2 shadow imps (D:5)
  2 ufetubi
  2 worms (D:2)
  2 dart slugs
  99 orcs
  4 endoplasms
  3 giant cockroaches
  14 goblins
  13 hobgoblins
  27 jackals
  8 quokkas
  8 ball pythons
  5 bats
  4 frilled lizards
  31 kobolds
  4 rats
846 creatures vanquished.

Vanquished Creatures (others)
  A goliath frog (Swamp:1)
  A spriggan druid (Swamp:1)
  A tengu conjurer (D:15)
  2 bloated husks (Swamp:1)
  2 tyrant leeches (Swamp:1)
  2 hornets (Swamp:1)
  2 spriggans (Swamp:1)
  A swamp drake (Swamp:1)
  An orc (Orc:2)
  29 fungi
  53 plants
95 creatures vanquished.

Grand Total: 941 creatures vanquished

Notes
Turn   | Place    | Note
-------+----------+-------------------------------------------
     0 | D:1      | DEFE the Demonspawn Wanderer began the quest for the Orb.
     0 | D:1      | DEFE set off with the following items: a +0 club, a scroll
                  | of blinking, a +0 robe, a potion of attraction; and the
                  | following spells available to memorise: Sublimation of
                  | Blood, Kiss of Death, Summon Small Mammal, Vampiric
                  | Draining, Call Canine Familiar.
     0 | D:1      | Reached XP level 1. HP: 15/15 MP: 3/3
   291 | D:1      | Gained mutation: You regenerate a little health from kills.
                  | [demonic ancestry]
   291 | D:1      | Reached XP level 2. HP: 15/22 MP: 5/5
   414 | D:1      | Found a faded altar of an unknown god.
   723 | D:1      | Reached XP level 3. HP: 29/29 MP: 6/6
  1237 | D:2      | Noticed Natasha
  1255 | D:2      | Killed Natasha
  1256 | D:2      | Reached XP level 4. HP: 28/37 MP: 7/7
  1328 | D:2      | Noticed Natasha
  1337 | D:2      | Killed Natasha
  1670 | D:2      | Reached XP level 5. HP: 37/43 MP: 8/8
  1738 | D:2      | Noticed Natasha
  1750 | D:2      | Killed Natasha
  1751 | D:2      | Reached skill level 5 in Fighting
  1760 | D:2      | Gained mutation: You have hidden genetic potential. [potion
                  | of mutation]
  1760 | D:2      | Gained mutation: You are weak. (Str -2) [potion of
                  | mutation]
  1760 | D:2      | Gained mutation: You are partially covered in iridescent
                  | scales. (AC +2) [potion of mutation]
  1760 | D:2      | Gained mutation: Your flesh is cold resistant. (rC+)
                  | [potion of mutation]
  2155 | D:2      | Found a runed translucent door.
  2156 | D:2      | Noticed Crazy Yiuf
  2694 | D:3      | Noticed a black bear
  2711 | D:3      | Killed a black bear
  2712 | D:3      | Reached XP level 6. HP: 15/53 MP: 9/9
  2730 | D:3      | Gained mutation: You are mostly covered in iridescent
                  | scales. (AC +4) [hidden potential]
  3120 | D:3      | Found a faded altar of an unknown god.
  3124 | D:3      | Found a bloodstained altar of Trog.
  3368 | D:3      | Found a hide-covered altar of Uskayaw.
  3710 | D:4      | Found a sacrificial altar of Ru.
  3971 | D:3      | Reached XP level 7. HP: 34/60 MP: 10/10
  4223 | D:4      | Gained mutation: You have great hidden genetic potential.
                  | [hidden potential]
  4223 | D:4      | Lost mutation: You have great hidden genetic potential.
                  | [hidden potential expressed]
  4671 | D:4      | Noticed Robin
  4719 | D:4      | Killed Robin
  5074 | D:5      | Entered Level 5 of the Dungeon
  5188 | D:5      | Noticed Blork the orc
  5204 | D:5      | Killed Blork the orc
  5269 | D:5      | Gained mutation: You regenerate magic rapidly. [demonic
                  | ancestry]
  5269 | D:5      | Reached XP level 8. HP: 45/67 MP: 11/11
  5361 | D:5      | Reached skill level 1 in Axes
  5381 | D:5      | Gained mutation: You have an increased reservoir of magic.
                  | (+10% MP) [hidden potential]
  5520 | D:5      | Noticed Sigmund
  5542 | D:5      | Killed Sigmund
  5918 | D:5      | Noticed Eustachio
  5940 | D:5      | Killed Eustachio
  5941 | D:5      | Reached skill level 5 in Axes
  6313 | D:6      | Noticed Maggie
  6598 | D:6      | Killed Maggie
  6599 | D:6      | Reached XP level 9. HP: 28/76 MP: 13/13
  6614 | D:6      | Gained mutation: Your flesh is heat resistant. (rF+)
                  | [hidden potential]
  6614 | D:6      | Lost mutation: You have hidden genetic potential. [hidden
                  | potential expressed]
  7503 | D:6      | Found a shadowy altar of Dithmenos.
  7514 | D:6      | Noticed Pikel
  7595 | D:6      | Noticed Dowan
  7631 | D:6      | Killed Pikel
  7785 | D:6      | Noticed Duvessa
  7801 | D:6      | Killed Dowan
  7807 | D:6      | Killed Duvessa
  7902 | D:6      | Noticed Grinder
  7925 | D:6      | Killed Grinder
  8147 | D:6      | Found a staircase to the Ecumenical Temple.
  8160 | Temple   | Entered the Ecumenical Temple
  9045 | D:7      | Found an iron altar of Okawaru.
  9046 | D:7      | Found an ancient bone altar of Kikubaaqudgha.
  9051 | D:7      | Became a worshipper of Warmaster Okawaru
  9222 | D:7      | Reached skill level 1 in Armour
  9222 | D:7      | Reached skill level 1 in Invocations
  9366 | D:7      | Discovered your monstrous ancestry.
  9366 | D:7      | Gained mutation: You have a pair of small antennae on your
                  | head. [demonic ancestry]
  9366 | D:7      | Reached XP level 10. HP: 70/83 MP: 14/14
  9599 | D:7      | HP: 3/83 [electric eel/bolt of electricity (13)]
 10010 | D:7      | Noticed Rustlers's ghost (novice DECj)
 10012 | D:7      | Found a transporter.
 10034 | D:7      | Reached * piety under Okawaru
 10036 | D:7      | Noticed a moth of wrath
 10074 | D:7      | Found a bloodstained altar of Trog.
 10077 | D:7      | Found a transporter.
 10123 | D:7      | Found a burning altar of Makhleb.
 10669 | D:7      | Found a shimmering blue altar of Sif Muna.
 10881 | D:8      | Reached skill level 5 in Invocations
 11509 | D:8      | Found a snail-covered altar of Cheibriados.
 11722 | D:8      | Found a sparkling altar of Nemelex Xobeh.
 11941 | D:9      | Reached ** piety under Okawaru
 11975 | D:9      | Found a flagged portal.
 11981 | D:9      | Identified the +8 hand axe "Orb Guardian's Peril" {heavy,
                  | +Blink rN+ MP+9 Str+3}
 11985 | Bailey   | Entered a bailey
 12020 | Bailey   | Reached skill level 1 in Evocations
 12170 | Bailey   | Found a burning altar of Makhleb.
 12181 | Bailey   | Reached skill level 5 in Armour
 12817 | D:9      | Noticed a two-headed ogre
 12827 | D:9      | Killed a two-headed ogre
 12827 | D:9      | Reached *** piety under Okawaru
 12828 | D:9      | Gained mutation: When hurt, damage is shared between your
                  | health and your magic reserves. [demonic ancestry]
 12828 | D:9      | Reached XP level 11. HP: 72/89 MP: 18/18
 13191 | D:10     | Entered Level 10 of the Dungeon
 13324 | D:10     | Noticed a two-headed ogre
 13325 | D:10     | Found a runed translucent gate.
 13325 | D:10     | Found a runed translucent gate.
 13325 | D:10     | Found a runed translucent gate.
 13336 | D:10     | Killed a two-headed ogre
 13337 | D:10     | Found an opulent altar of Gozag.
 13337 | D:10     | Noticed a centaur warrior
 13338 | D:10     | Noticed an obsidian statue
 13338 | D:10     | Noticed WienerDreamer's ghost (journeyman GrEE)
 13898 | D:11     | Reached **** piety under Okawaru
 14025 | D:11     | Reached skill level 5 in Evocations
 14034 | D:11     | Received a gift from Okawaru
 14486 | D:11     | Found a staircase to the Lair.
 14660 | Lair:1   | Entered Level 1 of the Lair of Beasts
 14676 | Lair:1   | Reached skill level 10 in Invocations
 14684 | Lair:1   | Found a frozen archway.
 14695 | IceCv    | Entered an ice cave
 14695 | IceCv    | Noticed a white ugly thing
 14709 | IceCv    | HP: 2/89 [white ugly thing (6)]
 14710 | IceCv    | Killed a white ugly thing
 14929 | IceCv    | Found a transporter.
 14933 | IceCv    | Identified the +10 great sword of Ymous {elec, rF+ Str+3
                  | Int-3 Dex+2}
 14933 | IceCv    | Noticed a white ugly thing
 14935 | IceCv    | Found a transporter.
 14981 | IceCv    | Killed a white ugly thing
 15024 | IceCv    | Identified the +9 plate armour of Josocofa {rN+ rCorr}
 15085 | Lair:1   | Identified the +1 mace "Kihith" {drain, Dex+5}
 15227 | Lair:1   | Gained mutation: You have a pair of antennae on your head.
                  | [demonic ancestry]
 15227 | Lair:1   | Reached XP level 12. HP: 83/95 MP: 22/22
 15402 | Lair:1   | Reached ***** piety under Okawaru
 16092 | Lair:2   | Received a gift from Okawaru
 16093 | Lair:2   | Found a staircase to the Swamp.
 16100 | Lair:2   | Reached skill level 10 in Fighting
 16448 | Lair:2   | Noticed a death yak
 16449 | Lair:2   | Noticed a death yak
 16450 | Lair:2   | Noticed a death yak
 16466 | Lair:2   | Killed a death yak
 16472 | Lair:2   | Killed a death yak
 16473 | Lair:2   | Killed a death yak
 16473 | Lair:2   | Identified the +3 crystal plate armour of Mysticism {Will++
                  | Str+4 Int+3} (Okawaru gifted it to you on level 2 of the
                  | Lair of Beasts)
 16473 | Lair:2   | Received a gift from Okawaru
 17040 | Lair:3   | Gained mutation: You have a small tail. [demonic ancestry]
 17040 | Lair:3   | Reached XP level 13. HP: 104/104 MP: 24/24
 17734 | Lair:3   | Found a staircase to the Snake Pit.
 17742 | Lair:3   | Reached skill level 10 in Armour
 18088 | Lair:4   | Found a staircase to the Slime Pits.
 18896 | Lair:5   | Entered Level 5 of the Lair of Beasts
 18974 | Lair:5   | Reached skill level 10 in Evocations
 19091 | Lair:5   | Received a gift from Okawaru
 19098 | Lair:5   | Gained mutation: When low on magic, you restore magic in
                  | place of health. [demonic ancestry]
 19098 | Lair:5   | Reached XP level 14. HP: 110/115 MP: 19/27
 19753 | Lair:5   | Found a burning altar of Makhleb.
 19800 | Lair:5   | Found a gateway to Hell.
 20155 | D:12     | Reached skill level 15 in Invocations
 20177 | D:12     | Noticed Frances
 20201 | D:12     | HP: 4/116 [Frances/+0 battleaxe (4)]
 20367 | D:11     | Found a staircase to the Lair.
 20398 | D:11     | Killed Frances
 20936 | D:12     | Noticed Erolcha
 20940 | D:12     | Killed Erolcha
 21134 | D:12     | Received a gift from Okawaru
 21194 | D:12     | Found a staircase to the Orcish Mines.
 21398 | D:12     | Noticed Snorg
 21410 | D:12     | Killed Snorg
 21584 | D:12     | Found Dewip's Assorted Antiques.
 21588 | D:12     | Bought a scroll labelled YREMUERGHIO for 36 gold pieces
 21588 | D:12     | Bought a scroll labelled DIGROA XIAH for 36 gold pieces
 21588 | D:12     | Bought a silver ring for 180 gold pieces
 21636 | D:12     | Noticed Maurice
 21668 | D:12     | Killed Maurice
 21972 | D:13     | Found a gate to the Vaults.
 22163 | D:13     | Gained mutation: You regenerate health from kills. [demonic
                  | ancestry]
 22163 | D:13     | Reached XP level 15. HP: 120/124 MP: 29/29
 22440 | D:14     | Noticed dricus's ghost (adept MiBe)
 22481 | D:14     | Found a runed translucent gate.
 22481 | D:14     | Found a runed translucent gate.
 22481 | D:14     | Found a runed translucent gate.
 22561 | D:14     | Reached skill level 5 in Dodging
 22577 | D:14     | You fall into a shaft and drop 1 floor!
 22577 | D:15     | Entered Level 15 of the Dungeon
 22866 | D:14     | Identified the +8 chain mail of Okawaru's Reproof {rN++
                  | Int-2 SInv Stlth+} (Okawaru gifted it to you on level 14 of
                  | the Dungeon)
 22866 | D:14     | Received a gift from Okawaru
 22910 | D:14     | Found a gate leading to a gauntlet.
 22921 | Gauntlet | Entered a Gauntlet
 22921 | Gauntlet | Found a transporter.
 22921 | Gauntlet | Found a transporter.
 22925 | Gauntlet | Found a transporter.
 22925 | Gauntlet | Found a transporter.
 22932 | Gauntlet | Found a transporter.
 22957 | Gauntlet | Found a transporter.
 22957 | Gauntlet | Found a transporter.
 22958 | Gauntlet | Found a transporter.
 22961 | Gauntlet | Found a transporter.
 22988 | Gauntlet | Found a transporter.
 22995 | Gauntlet | Found a transporter.
 23015 | Gauntlet | Found a transporter.
 23048 | Gauntlet | Found a transporter.
 23064 | Gauntlet | Found a transporter.
 23164 | Gauntlet | Found a transporter.
 23178 | Gauntlet | Found a transporter.
 23325 | Gauntlet | Identified the ring "Juecoin" {rF+ Int+8 Dex-4}
 23359 | Gauntlet | Got Paritwaat's Lectures on the Lungs and Accomplices
 23360 | Gauntlet | Identified the +0 pair of gloves of Lifelessness {Int+3}
 23454 | Gauntlet | Identified the +0 robe "Nuchoffa" {rCorr Int+3}
 23455 | Gauntlet | Got the Treatise on Polar Ouranomancy
 23458 | Gauntlet | Got Haev's Almanac of Alteration
 23465 | Gauntlet | Identified the +8 trident "Killer Klown's Foe" {drain,
                  | Int+5}
 24031 | D:15     | Found a staircase to the Depths.
 24197 | D:15     | Identified the ring of Viheuqey {Will+ AC+4 Int+2}
 24729 | D:15     | Noticed a golden dragon
 24762 | D:15     | a golden dragon changed into an iron giant
 24762 | D:15     | Noticed an iron giant (shapeshifter)
 24781 | D:15     | an iron giant changed into a golden dragon
 24781 | D:15     | Noticed a golden dragon (shapeshifter)
 24784 | D:15     | Killed a golden dragon
 25047 | Orc:1    | Entered Level 1 of the Orcish Mines
 25267 | Orc:2    | Entered Level 2 of the Orcish Mines
 25267 | Orc:2    | Found Qoradgh's Antique Weapon Shoppe.
 25336 | Orc:2    | Noticed Nessos
 25358 | Orc:2    | Killed Nessos
 25467 | Orc:2    | Gained mutation: Your touch may inflict minor irresistible
                  | damage on your foes. [demonic ancestry]
 25467 | Orc:2    | Reached XP level 16. HP: 132/134 MP: 30/30
 25498 | Orc:2    | Found Owallylu's Jewellery Boutique.
 25499 | Orc:2    | Found a staircase to the Elven Halls.
 25507 | Orc:2    | Bought the ring "Mimnoherch" {rElec rC+ Dex+5} for 544 gold
                  | pieces
 25517 | Orc:2    | Found Usoj's General Store.
 25536 | Orc:2    | Reached skill level 15 in Fighting
 25568 | Orc:2    | Bought a scroll of identify for 36 gold pieces
 25568 | Orc:2    | Bought a scroll of identify for 36 gold pieces
 25625 | Orc:2    | Found Hian's Antique Armour Shop.
 25660 | Orc:2    | Reached skill level 1 in Unarmed Combat
 26101 | Orc:1    | Noticed Nergalle
 26116 | Orc:1    | Killed Nergalle
 26219 | Orc:2    | Bought a ring of poison resistance for 220 gold pieces
 26363 | Swamp:1  | Entered Level 1 of the Swamp
 26404 | Swamp:1  | Killed by an exploding bloated husk... set off by themself

Illustrated notes

Levels and vault maps discovered:
D:1:      eino_arrival_water_cross, layout_loops_cross,
          shapermc_ecumenical_altar_starsandcircs
D:2:      layout_loops_ring, uniq_natasha, uniq_crazy_yiuf_cottage
D:3:      layout_loops_ring, nicolae_overflow_ecumenical_swirl,
          general_overflow_altar
D:4:      minmay_bubble_buster, layout_gridville,
          nicolae_ru_great_annihilating_truth, uniq_robin
D:5:      layout_basic, nicolae_elevator_lobby_asterisk, uniq_eustachio,
          uniq_blork_the_orc, uniq_sigmund
D:6:      nicolae_BIG_FREAKIN_CUBE, layout_loops_cross,
          mainiacjoe_overflow_surrounded_room, temple_fountains,
          gup_sewer_entry_bubbles, nrook_pool_corridor, uniq_maggie,
          uniq_grinder, uniq_duvessa, uniq_pikel
D:7:      layout_loops_ring, chequers_temple_overflow_statue_of_worship,
          lemuel_doored_altar, makhleb_grotto_becter, serial_bayou,
          serial_bayou_crossing, serial_bayou_pond_b, serial_bayou_shore_b,
          serial_bayou_lagoon_b, gammafunk_ghost_wrathful_warriors
D:8:      layout_basic, mainiacjoe_overflow_swirl,
          hangedman_abyss_or_decor_passed, serial_park_tiny_2
D:9:      layout_small_grid, enter_bailey_2, kennysheep_cluttered_room
D:10:     layout_roguey, ebering_ghost_gozag
D:11:     layout_loops_ring, erik_lair_orcish_takeover
D:12:     kennysheep_room_grid, layout_basic, hiddenorc2_lemuel, serial_shops,
          shop, uniq_erolcha, uniq_snorg, uniq_maurice, uniq_frances
D:13:     layout_rooms, erik_vaults_2
D:14:     layout_basic, gammafunk_ghost_split, gauntlet_entry_generic
D:15:     gammafunk_enter_depths_forms, layout_layer_cave
Temple:   minmay_temple_forest_path
Lair:1:   layout_long_grid, portal_ice_cave_entry_ice_simulacra,
          lemuel_fruit_tree, infiniplex_staircase_pool
Lair:2:   layout_misc_corridors, skrybe_swamp_entry_bodies, special_room
          [special_room_bee]
Lair:3:   regret_index_tunnel_blossom, layout_chaotic_city,
          nicolae_snake_entry_squirm, wad_woods_road_06, serial_bayou_shore_b
Lair:4:   layout_cave_pods, slime_entry_1
Lair:5:   evil_forest, layout_regular_city, nicolae_lair_grove_arrangements,
          chequers_serial_rivers_micro_c
Swamp:1:  layout_falls_marsh, evilmike_swamp_ruin_house_5, swamp_pool1,
          nicolae_swamp_super_fun_site
Orc:1:    layout_caves, basic_altar, uniq_nergalle
Orc:2:    grunt_orc_gardens, layout_caves, grunt_orc_garden, grunt_orc_garden,
          grunt_orc_garden, grunt_orc_garden, uniq_nessos

Skill      XL: |  1  2  3  4  5  6  7  8  9 10 11 12 13 14 15 16 |
---------------+-------------------------------------------------+-----
Fighting       | 2 3 4 6 7 9 10 12 13 14 15 | 15.0
Axes           | 6 9 |  9.9
Armour         | 1 5 7 9 10 11 13 | 13.6
Invocations    | 1 8 10 12 14 15 | 15.2
Evocations     | 3 6 8 10 11 | 11.0
Dodging        | 4 7 8 |  8.4
Unarmed Combat | 2 |  2.6
Stealth        | |  1.0
Spellcasting   | |  2.0
Summonings     | |  1.0
Necromancy     | |  3.2

Action                     |  1- 3 |  4- 6 |  7- 9 | 10-12 | 13-15 | 16-18 || total
---------------------------+-------+-------+-------+-------+-------+-------++-------
  Melee: Club              |    70 |       |       |       |       |       ||    70
         Whip              |    92 |   334 |   359 |    39 |       |       ||   824
         Punch             |       |     5 |    13 |    11 |    32 |     7 ||    68
         Hand axe          |       |       |   219 |   668 |  1180 |   138 ||  2205
         Tailslap          |       |       |       |       |   228 |    13 ||   241
         War axe           |       |       |       |       |    34 |       ||    34
         Touch             |       |       |       |       |       |    29 ||    29
  Throw: Javelin           |       |       |    10 |       |       |       ||    10
         Dart              |       |       |     4 |       |     9 |       ||    13
 Invoke: Heroism           |       |       |       |    11 |    27 |     3 ||    41
         Finesse           |       |       |       |     1 |     8 |     1 ||    10
  Evoke: Wand              |       |       |       |     1 |    11 |     1 ||    13
    Use: Potion            |       |     3 |     5 |     1 |     4 |       ||    13
         Scroll            |       |       |    12 |     1 |     9 |     3 ||    25
   Stab: Paralysed         |       |     1 |       |       |       |       ||     1
         Petrified         |       |       |       |       |     8 |       ||     8
         Distracted        |       |       |       |       |     2 |       ||     2
 Armour: Ring mail         |    88 |   128 |   153 |       |       |       ||   369
         Skin              |       |     6 |       |       |       |       ||     6
         Acid dragon scale |       |       |    56 |   127 |       |       ||   183
         Plate armour      |       |       |       |   149 |       |       ||   149
         Leather armour    |       |       |       |     2 |       |       ||     2
         Crystal plate arm |       |       |       |    15 |   939 |   154 ||  1108
  Dodge: Dodged            |   126 |   261 |   477 |   895 |  1137 |   142 ||  3038

Table legend: (Time is in decaauts)
 A = Elapsed time spent in this place.
 B = Non-inter-level travel time spent in this place.
 C = Inter-level travel time spent in this place.
 D = Time resting spent in this place.
 E = Time spent auto-exploring this place.
 F = Levels seen in this place.
 G = Mean time per level.
                   A        B        C        D        E       F      G
               +--------+--------+--------+--------+--------+-----+--------+
         Total |  26511 |  25465 |   1046 |   4321 |  15045 |  27 |  981.9 |
       Dungeon |  18413 |  17713 |    700 |   3551 |  10145 |  15 | 1227.5 |
        Temple |    406 |    402 |      4 |      0 |    390 |   1 |  406.0 |
          Lair |   5112 |   4886 |    226 |    201 |   3552 |   5 | 1022.4 |
         Swamp |     30 |     30 |      0 |      0 |      0 |   1 |   30.0 |
  Orcish Mines |   1214 |   1100 |    114 |    111 |    616 |   2 |  607.0 |
        Bailey |    437 |    437 |      0 |    229 |     81 |   1 |  437.0 |
      Ice Cave |    346 |    346 |      0 |    229 |      0 |   1 |  346.0 |
      Gauntlet |    550 |    550 |      0 |      0 |    260 |   1 |  550.0 |
               +--------+--------+--------+--------+--------+-----+--------+

Top non-repeatable levels by time:
     D:7: 1853 daAuts
     D:6: 1808 daAuts
     D:5: 1637 daAuts
    D:11: 1487 daAuts
    D:15: 1445 daAuts
     D:3: 1379 daAuts
     D:2: 1351 daAuts
     D:4: 1332 daAuts
  Lair:3: 1117 daAuts
     D:1: 1102 daAuts
  Lair:5: 1098 daAuts
     D:8: 1080 daAuts
  Lair:1: 1061 daAuts
    D:12: 1048 daAuts
  Lair:2: 985 daAuts
